 Dungeon Crawl Stone Soup version 0.30-a0-930-gb9d0489357 (webtiles) character file.

Game seed: 4809654351408563552

94474 bobarctor the Eclecticist (level 15, -25/91 HPs)
             Began as a Demonspawn Necromancer on Mar 23, 2023.
             Was the Champion of Kikubaaqudgha.
             Annihilated by a wolf spider (26 damage)
             ... on level 2 of the Spider Nest.
             The game lasted 03:57:07 (29524 turns).

bobarctor the Eclecticist (Demonspawn Necromancer) Turns: 29524, Time: 03:57:08

Health: -25/91     AC: 23    Str: 10    XL:     15   Next: 63%
Magic:  0/43       EV: 18    Int: 26    God:    Kikubaaqudgha [******]
Gold:   1896       SH:  5    Dex: 25    Spells: 1/44 levels left

rFire   . . .      SeeInvis .    X - +9 long sword of Coinn {speed, MP+9}
rCold   . . .      Faith    .    (no shield)
rNeg    . . .      Spirit   +    T - +2 troll leather armour {Snorg}
rPois   .          Reflect  +    (helmet unavailable)
rElec   .          Rampage  .    L - +1 cloak {Will+}
rCorr   .                        P - +2 pair of gloves
Will    ++...                    S - +2 pair of boots {Stlth+}
Stlth   +++++                    C - amulet of Arrival {Reflect Int+3 SH+5}
HPRegen 1.15/turn                N - +6 ring of dexterity
MPRegen 0.56/turn                m - +6 ring of dexterity

@: lethally poisoned (-25 -> -47), about to teleport, sanguine armoured, very
slightly contaminated
A: horns 3, spiny 2, magic shield, magic regeneration, sanguine armour 2,
mutation resistance 1
a: Renounce Religion, Unearth Wretches, Torment, Brand Weapon With Pain, Receive
Forbidden Knowledge


You were on level 2 of the Spider Nest.
You worshipped Kikubaaqudgha.
Kikubaaqudgha was exalted by your worship.
You visited 7 branches of the dungeon, and saw 27 of its levels.

You collected 3329 gold pieces.
You spent 1433 gold pieces at shops.

Inventory:

Hand Weapons
 y - a +6 shortbow of draining
 X - the +9 long sword of Coinn (weapon) {speed, MP+9}
   (You found it on level 8 of the Dungeon)

   MP:        It affects your magic capacity (+9).
Missiles
 h - 4 silver javelins
 q - 3 javelins
 B - 4 throwing nets
 K - 2 silver boomerangs
 V - 34 poisoned darts
Armour
 E - a +1 ring mail of cold resistance
 L - a +1 cloak of willpower (worn)
 P - a +2 pair of gloves (worn)
 Q - a +2 leather armour of fire resistance
 S - a +2 pair of boots of stealth (worn)
 T - a +2 troll leather armour (worn) {Snorg}
 Z - a +2 robe of resistance
Jewellery
 c - a ring of flight
 k - a ring of see invisible
 l - a ring of protection from cold
 m - a +6 ring of dexterity (right hand)
 o - a +6 ring of strength
 C - the amulet of Arrival (around neck) {Reflect Int+3 SH+5}
   (You found it on level 2 of the Lair of Beasts)

   [amulet of reflection]

   It reflects blocked missile attacks.
   Int:       It affects your intelligence (+3).
   SH:        It affects your SH (+5).
 N - a +6 ring of dexterity (left hand)
 U - a ring of resist corrosion
Wands
 a - a wand of mindburst (5)
 b - a wand of quicksilver (3)
 t - a wand of digging (9)
 v - a wand of iceblast (4)
 O - a wand of polymorph (22)
Scrolls
 d - 6 scrolls of teleportation
 p - a scroll of enchant armour
 r - a scroll of brand weapon
 s - 3 scrolls of fog
 A - a scroll of fear
 D - 2 scrolls of blinking
 F - 5 scrolls of magic mapping
 G - 16 scrolls of identify
 I - a scroll of summoning
Potions
 e - 3 potions of magic
 f - 4 potions of cancellation
 i - 9 potions of curing
 j - 5 potions of might
 n - 8 potions of haste
 u - 2 potions of resistance
 w - 2 potions of heal wounds
 z - a potion of invisibility
 W - a potion of berserk rage
Miscellaneous
 g - a tin of tremorstones (2/2)
 M - a lightning rod (4/4)


   Skills:
 + Level 0.5 Fighting
 + Level 2.1(7.8) Short Blades
 + Level 11.8(11.9) Long Blades
 + Level 7.1 Ranged Weapons
 + Level 7.5 Dodging
 + Level 6.1 Stealth
 + Level 4.8 Shields
 * Level 15.4 Spellcasting
 + Level 0.5 Conjurations
 + Level 0.1 Summonings
 + Level 12.8 Necromancy
 + Level 3.8 Translocations
 * Level 4.1 Ice Magic
 + Level 0.7 Air Magic
 + Level 4.6 Earth Magic
 + Level 0.4 Poison Magic


You had one spell level left.
You knew the following spells:

 Your Spells              Type           Power      Damage    Failure   Level
a - Necrotise             Necr           100%       1d9       1%          1
b - Vampiric Draining     Necr           72%        2d11      1%          3
c - Summon Small Mammal   Summ           80%        N/A       3%          1
d - Simulacrum            Ice/Necr       29%        N/A       17%         6
e - Animate Dead          Necr           72%        N/A       1%          4
f - Agony                 Necr           72%        N/A       1%          5
g - Cigotuvi's Dreadful   Necr/Pois/Air  88%        N/A       1%          2
h - Teleport Other        Tloc           39%        N/A       2%          3
i - Borgnjor's Vile Clut  Necr/Erth      30%        N/A       2%          5
j - Death Channel         Necr           36%        N/A       3%          6
k - Dispel Undead         Necr           72%        3d24      1%          4
l - Mephitic Cloud        Conj/Pois/Air  22%        N/A       9%          3

Your spell library contained the following spells:

 Spells                   Type           Power      Damage    Failure   Level
 Apportation              Tloc           78%        N/A       1%          1
 Sandblast                Erth           88%        2d18      1%          1
 Shock                    Conj/Air       92%        1d8       2%          1
 Beastly Appendage        Tmut           40%        N/A       3%          1
 Foxfire                  Conj/Fire      84%        2x1d8     3%          1
 Magic Dart               Conj           88%        1d7       3%          1
 Sting                    Tmut/Pois      84%        1d7       3%          1
 Lesser Beckoning         Tloc           78%        N/A       1%          2
 Ozocubu's Armour         Ice            41%        N/A       1%          3
 Gell's Gravitas          Tloc           39%        N/A       2%          3
 Poisonous Vapours        Pois/Air       46%        N/A       4%          2
 Searing Ray              Conj           44%        2d6       4%          2
 Static Discharge         Conj/Air       46%        2-4/arc   4%          2
 Hailstorm                Conj/Ice       32%        3d8       4%          3
 Call Imp                 Summ           20%        N/A       5%          2
 Wereblood                Tmut           20%        N/A       5%          2
 Kindle Blastsparks       Fire/Tloc/Air  54%        2d14      6%          3
 Spider Form              Tmut/Pois      21%        N/A       10%         3
 Iskenderun's Mystic Bla  Conj/Tloc      31%        2d8       14%         4
 Leda's Liquefaction      Hex/Erth       16%        N/A       14%         4
 Lee's Rapid Deconstruct  Erth           22%        3d12*     14%         5
 Olgreb's Toxic Radiance  Pois           22%        N/A       30%         4
 Fulminant Prism          Conj/Hex       10%        3d9       32%         4
 Arcjolt                  Conj/Air       11%        1d21      61%         5
 Fireball                 Conj/Fire      10%        3d6       65%         5
 Plasma Beam              Fire/Air       10%        2x1d23    65%         5
 Dispersal                Tloc           19%        N/A       75%         6
 Borgnjor's Revivificati  Necr           36%        N/A       77%         8
 Statue Form              Tmut/Erth      21%        N/A       91%         6
 Necromutation            Tmut/Necr      26%        N/A       100%        8
 Death's Door             Necr           36%        N/A       100%        9
 Shatter                  Erth           22%        3d19*     100%        9


Dungeon Overview and Level Annotations

Branches:
Dungeon (15/15)            Temple (1/1) D:5            Lair (5/5) D:10
  Swamp (0/4) Lair:3       Spider (1/4) Lair:3        Slime (0/5) Lair:5
    Orc (2/2) D:11            Elf (1/3) Orc:2        Vaults (0/5) D:13
 Depths (1/4) D:15

Altars:
Ashenzari
Cheibriados
Dithmenos
Fedhas
Gozag
Hepliaklqana
Kikubaaqudgha
Makhleb
Nemelex Xobeh
Okawaru
Qazlal
Ru
Sif Muna
Trog
Uskayaw
Vehumet
Wu Jian
Xom
Yredelemnul

Shops:
D:4 *   D:8 *   Orc:2 ((![(


Innate Abilities, Weirdness & Mutations

You have a pair of large horns on your head.
You are mostly covered in sharp spines.
When hurt, damage is shared between your health and your magic reserves.
You regenerate magic rapidly.
When seriously injured, your blood forms thick armour. (AC +9)
You are somewhat resistant to further mutation.


Message History

* * * LOW HITPOINT WARNING * * *
You feel extremely sick.
You feel you are being watched by something.
You feel your power leaking away.
The redback bites the jumping spider!!
The jumping spider is killed!
Kikubaaqudgha accepts your kill.
The jumping spider leaps!
As you read the scroll of teleportation, it crumbles to dust.
You feel strangely unstable.
* * * LOW HITPOINT WARNING * * *
You feel extremely sick. The wolf spider barely misses you.
The wolf spider closely misses you.
The jumping spider leaps!
The wolf spider hits you but does no damage.
The wolf spider bites you.
* * * LOW HITPOINT WARNING * * *
Casting: Vampiric Draining (safe; 1% risk of failure)
Confirm with . or Enter, or press ? or * to list all spells.
Aiming: Vampiric Draining (safe; 1% risk of failure)
Press: ? - help, Shift-Dir - straight line, f - wolf spider
Aim: a wolf spider (berserk)
Okay, then.
Casting: Vampiric Draining (safe; 1% risk of failure)
Confirm with . or Enter, or press ? or * to list all spells.
Aiming: Vampiric Draining (safe; 1% risk of failure)
Press: ? - help, Shift-Dir - straight line, f - wolf spider
Aim: a wolf spider (berserk)
You draw life force from the wolf spider!
You feel life coursing into your body.
* * * LOW HITPOINT WARNING * * *
You feel extremely sick.
The wolf spider is struck by your spines.
The wolf spider hits you!
* * * LOW HITPOINT WARNING * * *
The wolf spider closely misses you.
The redback bites the wolf spider!
The wolf spider is struck by your spines.
The wolf spider hits you!!
You die...
Kikubaaqudgha rasps: "You have failed me!
Welcome... death!"

###### #####
##.s... ##...##
#.."... ##.....#
#...... #..@..°#..
#.....###.sss...#
##.....s##.ss..###
........ss....##
........s.....#
.......s.y○.#.#
##......##.###..
#.!....#### ..^
#........ #.##


You could see 2 wolf spiders, a moth of wrath, 2 orb spiders, a jumping spider,
a tarantella and 3 redbacks.

Vanquished Creatures
  Gastronok (D:8)
  Kirke (D:11)
  Frances (D:12)
  The ghost of Kilet the Geomancer, an adept GrEE of Vehumet (D:14)
  An emperor scorpion (Spider:1)
  An orc warlord (Orc:2)
  A dire elephant (D:15)
  Snorg (Lair:4)
  An ice dragon (D:15)
  4 hydras
  5 centaur warriors
  A radroach (Spider:1)
  A catoblepas (Lair:2)
  2 dancing weapons (D:13)
  6 boulder beetles
  3 two-headed ogres
  11 death yaks
  3 orc high priests (Orc:2)
  A tengu warrior (D:15)
  Urug (D:12)
  A deep elf knight (D:15)
  3 skeletal warriors (D:14)
  A deep troll (D:13)
  Pikel (D:7)
  7 orc knights
  2 lindwurms (Lair:2)
  7 deep elf pyromancers
  A wolf spider (Spider:1)
  3 ugly things
  3 orc sorcerers (Orc:2)
  3 manticores
  An oklob plant (Lair:4)
  A salamander (D:15)
  6 cyclopes
  Maurice (D:9)
  11 cane toads
  2 gargoyles
  A black mamba (Lair:5)
  2 torpor snails
  An unseen horror (D:12)
  2 rime drakes
  Maggie (Lair:1)
  A yaktaur (D:15)
  7 komodo dragons
  2 freezing wraiths
  2 kobold demonologists (D:8)
  A komodo dragon (shapeshifter) (D:9)
  An unseen horror (shapeshifter) (D:15)
  2 tengu conjurers
  Psyche (D:8)
  An efreet (D:14)
  7 trolls
  4 tarantellas (Spider:1)
  Grinder (D:6)
  6 polar bears
  A dream sheep (Lair:5)
  A tyrant leech (Lair:3)
  A hornet (Lair:5)
  A raiju (shapeshifter) (D:15)
  10 blink frogs
  A slime creature (D:14)
  2 culicivoras (Spider:1)
  5 jumping spiders
  5 spriggans (Lair:5)
  2 vampires
  Sigmund (D:7)
  A shadow (D:11)
  5 wraiths
  31 yaks
  3 wyverns
  4 hogs
  6 basilisks
  A steam dragon (D:9)
  6 redbacks
  4 vampire mosquitoes
  Edmund (D:7)
  Menkaure (D:4)
  An acid dragon (D:12)
  6 wargs
  13 water moccasins
  34 orc warriors
  A sky beast (D:8)
  The ghost of SpyderV the Shield-Bearer, an amateur MiFi (D:4)
  4 black bears
  4 ogres
  5 centaurs
  21 wolves
  2 boggarts (Lair:5)
  2 lemures (D:7)
  10 bullfrogs
  4 kobold brigands
  A gnoll sergeant (D:8)
  3 scorpions (D:5)
  19 killer bees
  6 howler monkeys
  3 hounds
  A lava snake (Lair:2)
  A gnoll bouda (Orc:2)
  18 orc priests
  4 jellies
  3 iguanas
  Terence (D:2)
  A sleepcap (D:4)
  7 hell rats (Lair:3)
  18 orc wizards
  3 adders
  19 gnolls
  4 white imps
  An ufetubus (D:4)
  2 worms
  94 orcs
  9 endoplasms
  4 giant cockroaches
  4 goblins
  12 hobgoblins
  3 jackals (D:2)
  7 quokkas
  8 ball pythons
  3 bats
  23 kobolds
  5 rats
632 creatures vanquished.

Vanquished Creatures (collateral kills)
  A hydra (D:15)
  A centaur warrior (D:13)
  2 boulder beetles
  A death yak (Lair:1)
  Nergalle (Lair:2)
  An orb spider (Spider:1)
  A komodo dragon (Lair:5)
  A hornet (Lair:5)
  2 tarantellas (Spider:1)
  A blink frog (Lair:1)
  A troll (Orc:2)
  A tarantella zombie (Spider:1)
  2 dream sheep (Lair:5)
  6 spriggans (Lair:5)
  4 yaks
  A basilisk (Lair:1)
  2 redbacks
  3 black bears (Lair:5)
  2 boggarts (Lair:5)
  An ogre (D:11)
  8 wolves
  A bullfrog (Lair:3)
  A killer bee (D:11)
  2 hounds (D:5)
  2 orc wizards
  2 gnolls
  5 orcs
  An endoplasm (D:1)
  A goblin (D:1)
  A kobold (D:8)
  A quokka (D:3)
60 creatures vanquished.

Vanquished Creatures (others)
  2 wizards (D:14)
  An ugly thing zombie (D:13)
  2 cane toads (Lair:3)
  A centaur zombie (D:13)
  5 death yak zombies
  A hydra zombie (Lair:4)
  A polar bear (Lair:3)
  2 culicivora zombies (Spider:1)
  2 tarantella zombies (Spider:1)
  A boulder beetle zombie (Lair:5)
  2 tengu zombies (D:15)
  A manticore zombie (D:15)
  2 blink frog zombies (Lair:2)
  A dream sheep zombie (Lair:5)
  A hog zombie (D:11)
  3 vampire mosquito zombies (D:12)
  A komodo dragon zombie (Lair:4)
  A bullfrog (Lair:4)
  A water moccasin zombie (D:8)
  A troll zombie (Orc:2)
  A polar bear zombie (Lair:5)
  4 yak zombies
  3 wolf zombies
  A bullfrog zombie (Lair:4)
  2 black bear zombies (Lair:5)
  An orc wizard (Orc:2)
  A scorpion zombie (D:5)
  A boggart zombie (Lair:5)
  8 killer bee zombies
  An ogre zombie (Orc:1)
  5 gnoll zombies
  5 kobold zombies (D:9)
  51 orc zombies
  28 fungi
  50 plants
  2 withered plants (D:14)
196 creatures vanquished.

Grand Total: 888 creatures vanquished

Notes
Turn   | Place    | Note
-------+----------+-------------------------------------------
     0 | D:1      | bobarctor the Demonspawn Necromancer began the quest for
                  | the Orb.
     0 | D:1      | Reached XP level 1. HP: 13/13 MP: 3/3
   148 | D:1      | Gained mutation: When seriously injured, your blood forms
                  | armour. (AC +9) [demonic ancestry]
   148 | D:1      | Reached XP level 2. HP: 19/19 MP: 1/5
   950 | D:2      | Reached skill level 5 in Necromancy
   994 | D:2      | Gained mutation: You are partially covered in sharp spines.
                  | [demonic ancestry]
   994 | D:2      | Reached XP level 3. HP: 24/24 MP: 3/6
  1085 | D:2      | Learned a level 3 spell: Vampiric Draining
  1087 | D:2      | Learned a level 1 spell: Summon Small Mammal
  1089 | D:2      | Learned a level 1 spell: Apportation
  1521 | D:2      | Noticed Terence
  1531 | D:2      | Killed Terence
  1532 | D:2      | Reached skill level 3 in Spellcasting
  1532 | D:2      | Gained mutation: You regenerate magic rapidly. [demonic
                  | ancestry]
  1532 | D:2      | Reached XP level 4. HP: 20/30 MP: 0/8
  1871 | D:3      | Reached skill level 1 in Translocations
  1884 | D:3      | Found a stormy altar of Qazlal.
  1888 | D:3      | Found a hide-covered altar of Uskayaw.
  1904 | D:3      | Found a hazy altar of Hepliaklqana.
  1992 | D:3      | Found a runed translucent gate.
  1993 | D:3      | Found a runed translucent gate.
  1993 | D:3      | Noticed SpyderV's ghost (amateur MiFi)
  1994 | D:3      | Found a runed translucent gate.
  2458 | D:4      | Noticed an ogre
  2489 | D:4      | Gained mutation: You have a pair of small horns on your
                  | head. [demonic ancestry]
  2489 | D:4      | Reached XP level 5. HP: 31/35 MP: 10/10
  2497 | D:4      | Killed an ogre
  2498 | D:4      | Reached skill level 4 in Spellcasting
  2585 | D:4      | Found Folocuof's General Store.
  2600 | D:4      | Bought a scroll of blinking for 90 gold pieces
  2600 | D:4      | Bought a scroll of identify for 24 gold pieces
  2600 | D:4      | Bought a potion of might for 48 gold pieces
  2724 | D:4      | Reached XP level 6. HP: 41/41 MP: 12/12
  2808 | D:4      | Noticed Menkaure
  2827 | D:4      | Killed Menkaure
  2828 | D:4      | Reached skill level 1 in Short Blades
  2844 | D:4      | Gained mutation: When hurt, damage is shared between your
                  | health and your magic reserves. [demonic ancestry]
  2844 | D:4      | Reached XP level 7. HP: 24/46 MP: 9/14
  3565 | D:4      | Gained mutation: You are somewhat resistant to further
                  | mutation. [potion of mutation]
  3573 | D:4      | HP: 1/46 [SpyderV's ghost (8)]
  3574 | D:4      | Killed SpyderV's ghost
  3751 | D:5      | Entered Level 5 of the Dungeon
  3824 | D:5      | Reached skill level 5 in Spellcasting
  3906 | D:5      | Found a staircase to the Ecumenical Temple.
  3939 | Temple   | Entered the Ecumenical Temple
  3948 | Temple   | Became a worshipper of Kikubaaqudgha
  4000 | D:5      | Learned a level 4 spell: Animate Dead
  4006 | D:5      | Learned a level 5 spell: Agony
  4061 | D:5      | Reached skill level 1 in Ranged Weapons
  4415 | D:5      | Gained mutation: When seriously injured, your blood forms
                  | thick armour. (AC +9) [demonic ancestry]
  4415 | D:5      | Reached XP level 8. HP: 49/52 MP: 13/16
  4620 | D:6      | Reached * piety under Kikubaaqudgha
  4620 | D:6      | Received a gift from Kikubaaqudgha
  4638 | D:6      | Learned a level 2 spell: Cigotuvi's Dreadful Rot
  4661 | D:6      | Noticed Grinder
  4669 | D:6      | Paralysed by Grinder for 5 turns
  4672 | D:6      | Killed Grinder
  5004 | D:6      | Identified the +2 mace of Min Sek {pain, rN+}
  5339 | D:7      | Got the Folio of Excavation and Calefaction
  5342 | D:7      | Learned a level 1 spell: Sandblast
  5383 | D:7      | Reached skill level 1 in Shields
  5383 | D:7      | Reached skill level 6 in Spellcasting
  5388 | D:7      | Reached skill level 1 in Earth Magic
  5960 | D:7      | Noticed Pikel
  6011 | D:7      | Killed Pikel
  6012 | D:7      | Reached skill level 5 in Ranged Weapons
  6012 | D:7      | Reached XP level 9. HP: 20/57 MP: 12/18
  6325 | D:7      | Noticed Sigmund
  6329 | D:7      | Killed Sigmund
  6333 | D:7      | Identified the +0 robe "Zerphar" {-Tele rElec rPois Int-2}
  6352 | D:7      | Noticed Edmund
  6367 | D:7      | Killed Edmund
  6553 | D:8      | Noticed Gastronok
  6763 | D:8      | Found Hocisa's General Store.
  6799 | D:8      | Bought a scroll of enchant armour for 112 gold pieces
  6799 | D:8      | Bought a scroll of blinking for 112 gold pieces
  7124 | D:8      | Reached ** piety under Kikubaaqudgha
  7369 | D:8      | Identified the +9 long sword of Coinn {speed, MP+9}
  7553 | D:8      | Killed Gastronok
  7554 | D:8      | Reached skill level 1 in Long Blades
  7554 | D:8      | Reached skill level 7 in Spellcasting
  7554 | D:8      | Gained mutation: You are mostly covered in sharp spines.
                  | [demonic ancestry]
  7554 | D:8      | Reached XP level 10. HP: 41/63 MP: 4/21
  7714 | D:8      | Noticed an orange demon
  7715 | D:8      | Noticed Psyche
  7716 | D:8      | Reached skill level 8 in Spellcasting
  8166 | D:8      | Killed Psyche
  8186 | D:8      | Noticed a sixfirhy
  8340 | D:9      | Learned a level 5 spell: Borgnjor's Vile Clutch
  8383 | D:9      | Reached skill level 9 in Spellcasting
  8458 | D:9      | Found a runed translucent door.
  8460 | D:9      | Noticed a boulder beetle
  8533 | D:9      | Noticed a two-headed ogre
  8539 | D:9      | Killed a two-headed ogre
  8881 | D:9      | Reached *** piety under Kikubaaqudgha
  8881 | D:9      | Received a gift from Kikubaaqudgha
  9026 | D:9      | Noticed Maurice
  9031 | D:9      | Killed Maurice
  9032 | D:9      | Reached XP level 11. HP: 68/68 MP: 24/24
  9238 | D:9      | Killed a boulder beetle
  9280 | D:9      | Noticed a six-headed hydra
  9338 | D:9      | Killed a six-headed hydra
  9967 | D:10     | Entered Level 10 of the Dungeon
 10029 | D:10     | Found a staircase to the Lair.
 10053 | D:10     | Reached skill level 10 in Spellcasting
 10291 | D:10     | Reached skill level 5 in Long Blades
 10784 | D:9      | Identified the amulet "Surerph" {Spirit rN+ MP+9 Dex+4}
 10876 | Lair:1   | Entered Level 1 of the Lair of Beasts
 11110 | Lair:1   | Noticed a death yak
 11112 | Lair:1   | Noticed a death yak
 11112 | Lair:1   | Noticed a death yak
 11141 | Lair:1   | Killed a death yak
 11157 | Lair:1   | Killed a death yak
 11164 | Lair:1   | Killed a death yak
 11413 | Lair:1   | Gained mutation: You have a pair of horns on your head.
                  | [demonic ancestry]
 11413 | Lair:1   | Reached XP level 12. HP: 67/74 MP: 26/26
 11542 | Lair:1   | Reached skill level 11 in Spellcasting
 11601 | Lair:1   | Reached **** piety under Kikubaaqudgha
 12134 | Lair:1   | Noticed Maggie
 12142 | Lair:1   | Killed Maggie
 12406 | Lair:2   | Learned a level 6 spell: Death Channel
 12411 | Lair:2   | Learned a level 4 spell: Dispel Undead
 12462 | Lair:2   | Found a runed translucent door.
 12631 | Lair:2   | Reached skill level 5 in Dodging
 12796 | Lair:2   | Noticed Nergalle
 12817 | Lair:2   | Killed Nergalle
 13061 | Lair:2   | Noticed a catoblepas
 13077 | Lair:2   | Killed a catoblepas
 13125 | Lair:2   | Reached skill level 10 in Necromancy
 13533 | Lair:2   | Your ally Nergalle died
 13588 | Lair:2   | Identified the +0 hat of Intuition {Drain rC+ SInv}
 13591 | Lair:2   | Found a runed translucent gate.
 13591 | Lair:2   | Found a runed translucent gate.
 13591 | Lair:2   | Found a runed translucent gate.
 13591 | Lair:2   | Found a runed translucent gate.
 13591 | Lair:2   | Noticed a boulder beetle
 13592 | Lair:2   | Found a runed translucent gate.
 13594 | Lair:2   | Found a runed translucent gate.
 13594 | Lair:2   | Noticed a boulder beetle
 13852 | Lair:3   | Identified the +2 glaive of the Rescuing Hero {heavy,
                  | Contam rC+ rN++ SInv}
 14072 | Lair:2   | Killed a boulder beetle
 14079 | Lair:2   | Killed a boulder beetle
 14235 | Lair:2   | Reached skill level 12 in Spellcasting
 14468 | Lair:2   | Identified the amulet of Arrival {Reflect Int+3 SH+5}
 14555 | Lair:3   | Found a hole to the Spider Nest.
 14684 | Lair:3   | Reached XP level 13. HP: 52/79 MP: 25/29
 14969 | Lair:3   | Found a staircase to the Swamp.
 15088 | Lair:3   | Reached ***** piety under Kikubaaqudgha
 15117 | Lair:3   | HP: 2/79 [boulder beetle (32)]
 16650 | Lair:4   | Noticed Snorg
 16663 | Lair:4   | Killed Snorg
 16900 | Lair:4   | Reached skill level 5 in Stealth
 17293 | Lair:5   | Entered Level 5 of the Lair of Beasts
 17307 | Lair:5   | Found a staircase to the Slime Pits.
 17327 | Lair:5   | Reached skill level 13 in Spellcasting
 18349 | Lair:5   | Reached skill level 10 in Long Blades
 18566 | Lair:4   | Reached XP level 14. HP: 84/85 MP: 28/31
 18862 | Lair:5   | Learned a level 3 spell: Mephitic Cloud
 19285 | D:11     | Found a staircase to the Orcish Mines.
 20556 | Orc:1    | Entered Level 1 of the Orcish Mines
 20569 | Orc:1    | Reached ****** piety under Kikubaaqudgha
 20868 | Orc:1    | You fall into a shaft and drop 1 floor!
 20868 | Orc:2    | Entered Level 2 of the Orcish Mines
 21545 | Orc:2    | Found a staircase to the Elven Halls.
 21700 | Orc:2    | Found Kuxagofonn's Weapon Shop.
 21716 | Orc:2    | Noticed an orc warlord
 22073 | Orc:2    | Killed an orc warlord
 22201 | Orc:2    | Paralysed by an orc sorcerer for 4 turns
 22309 | Orc:2    | Reached skill level 14 in Spellcasting
 22790 | Orc:2    | Paralysed by an orc sorcerer for 4 turns
 22875 | Orc:2    | Found Adghol's Distillery.
 22875 | Orc:2    | Found Ibuf's Armour Emporium.
 22901 | Orc:2    | Found Ocwefoc's Antique Weapon Emporium.
 22901 | Orc:2    | Found Equtoumy's Antique Weapon Boutique.
 22932 | Orc:2    | Bought a +2 pair of boots of stealth for 344 gold pieces
 23045 | Orc:2    | Bought a +0 cloak of willpower for 184 gold pieces
 23060 | Orc:2    | Bought a potion of magic for 104 gold pieces
 23060 | Orc:2    | Bought a potion of heal wounds for 65 gold pieces
 23060 | Orc:2    | Bought a potion of might for 52 gold pieces
 23060 | Orc:2    | Bought a potion of resistance for 130 gold pieces
 23060 | Orc:2    | Bought a potion of curing for 39 gold pieces
 23060 | Orc:2    | Bought a potion of curing for 39 gold pieces
 23092 | Elf:1    | Entered Level 1 of the Elven Halls
 23618 | D:4      | Bought a scroll of magic mapping for 90 gold pieces
 23661 | D:4      | Learned a level 6 spell: Simulacrum
 24121 | D:12     | Reached skill level 1 in Ice Magic
 24317 | D:12     | Noticed Kirke
 24373 | D:12     | Noticed Urug
 24417 | D:11     | Noticed a sphinx
 24418 | D:11     | Killed Kirke
 24487 | D:12     | Killed Urug
 24488 | D:12     | Noticed Frances
 24503 | D:12     | Your ally Urug died
 24599 | D:12     | Killed Frances
 25404 | D:13     | Found a gate to the Vaults.
 25658 | D:13     | Gained mutation: You have a pair of large horns on your
                  | head. [demonic ancestry]
 25658 | D:13     | Reached XP level 15. HP: 64/90 MP: 30/33
 25749 | D:13     | Found an iron altar of Okawaru.
 26484 | D:14     | Found a runed translucent door.
 26485 | D:14     | Noticed Kilet's ghost (adept GrEE)
 26677 | D:14     | Learned a level 3 spell: Teleport Other
 26877 | D:14     | Got the Omnibus of Ironbound Rime
 27048 | D:14     | Killed Kilet's ghost
 27057 | D:14     | Got the Secrets of Minerals and Weather
 27084 | D:15     | Entered Level 15 of the Dungeon
 27372 | D:15     | Found a hide-covered altar of Uskayaw.
 27436 | D:15     | Found an opulent altar of Gozag.
 27652 | D:15     | Noticed an emperor scorpion
 27665 | D:15     | Found a staircase to the Depths.
 27683 | D:15     | Reached skill level 15 in Spellcasting
 27927 | Depths:1 | Entered Level 1 of the Depths
 28452 | D:14     | Identified the +0 robe of the Farrier {rF- rN++}
 28453 | D:14     | Identified the staff of earth "Ezygeog" {rPois rN++ Str+3
                  | Int-5}
 28774 | Spider:1 | Entered Level 1 of the Spider Nest
 29324 | Spider:1 | Noticed an emperor scorpion
 29353 | Spider:1 | Killed an emperor scorpion
 29513 | Spider:1 | You fall into a shaft and drop 1 floor!
 29524 | Spider:2 | HP: 1/91 [wolf spider (8)]
 29524 | Spider:2 | Annihilated by a wolf spider

Illustrated notes

Levels and vault maps discovered:
D:1:      sevenhm_arrival_forest_fort_small_3, layout_rooms
D:2:      layout_rooms, uniq_terence
D:3:      layout_basic, grunt_temple_overflow_open, biasface_ghost_orc_armoury
D:4:      layout_rooms, serial_shops, shop_coins, uniq_menkaure
D:5:      layout_basic, tso_altar, minmay_temple_entry_trees
D:6:      layout_rooms, uniq_grinder
D:7:      layout_basic, sigmund_edmund_badplayer, uniq_pikel
D:8:      layout_basic, serial_shops, nicolae_shop_hallway_stairs,
          minmay_misc_feat_cross, kennysheep_small_circle, uniq_gastronok,
          uniq_psyche
D:9:      layout_roguey, minivault_13, uniq_maurice
D:10:     layout_roguey, david_lair_shrubbed
D:11:     layout_roguey [special_room_orc], minmay_orc_entry_guard_dogs,
          onia_ninara_dug_in_and_dangerous
D:12:     layout_small_grid, uniq_frances, uniq_kirke, uniq_urug
D:13:     dreamdust_cave_troll, layout_basic, erik_vaults_1, minivault_21,
          minmay_strange_pillars, drop_trap, okawaru_ov_weapons_minmay
D:14:     cheibrodos_lost_city_excavation, layout_cave_pools,
          minmay_misc_feat_diagonals, gammafunk_ghost_grave, minivault_12
D:15:     hangedman_depths_entry_try_elsewhere_first, layout_irregular_city,
          nicolae_gozag_cash_rules_everything_around_me, drop_trap,
          dancing_weapons_uskayaw
Temple:   nicolae_temple_no_exploring_needed
Lair:1:   layout_cellular_growth, cheibrodos_lair_lostbears, uniq_maggie
Lair:2:   gammafunk_indiana_jones, layout_hall_layers, serial_bayou_shore_a,
          uniq_nergalle
Lair:3:   layout_regular_city, minmay_swamp_entry_worms, dummy_spider_entry,
          beast_lair_carwin_5
Lair:4:   layout_cave_pods, grunt_megastairs_4, uniq_snorg
Lair:5:   minmay_lair_end_enchanted_forest, layout_regular_city,
          nicolae_slime_entry_slimehenge
Spider:1: layout_spider_delve, nicolae_spider_webs_and_nodes
Spider:2: layout_chambers, nicolae_spider_moth_buddies
Orc:1:    cheibrodos_orc_arena, layout_caves
Orc:2:    grunt_orc_tribal_feast, layout_caves, serial_shops, shop
Elf:1:    nicolae_elf_arrival_fired_up, layout_onion_city,
          kennysheep_underground_church, grunt_ministairs_10,
          nrook_loot_triangle, grunt_megastairs_3
Depths:1: layout_honeycomb, lightli_too_deep, minmay_misc_feat_x,
          ebering_dispersal_statue_hall, minmay_fire_ice_demons,
          grunt_megastairs_5, serial_bayou_shore_b, uniq_nikola

Skill      XL: |  1  2  3  4  5  6  7  8  9 10 11 12 13 14 15 |
---------------+----------------------------------------------+-----
Necromancy     | 5 6 7 8 9 10 11 12 | 12.8
Stealth        | 2 3 4 5 6 |  6.1
Spellcasting   | 3 4 5 6 7 9 10 12 13 14 15 | 15.4
Translocations | 1 2 3 |  3.8
Dodging        | 2 3 4 5 6 7 |  7.5
Short Blades   | 1 2 |  2.1
Ranged Weapons | 1 5 6 7 |  7.1
Shields        | 1 2 3 4 |  4.8
Earth Magic    | 2 3 4 |  4.6
Long Blades    | 1 4 6 8 10 11 | 11.8
Ice Magic      | 2 4 |  4.1
Fighting       | |  0.5
Conjurations   | |  0.5
Summonings     | |  0.1
Air Magic      | |  0.7
Poison Magic   | |  0.4

Action                     |  1- 3 |  4- 6 |  7- 9 | 10-12 | 13-15 || total
---------------------------+-------+-------+-------+-------+-------++-------
  Melee: Whip              |     5 |       |       |       |       ||     5
         Short sword       |     5 |       |       |       |       ||     5
         Dagger            |     6 |    77 |    27 |       |       ||   110
         Headbutt          |       |    14 |    11 |   112 |   268 ||   405
         Shortbow          |       |       |     1 |       |       ||     1
         Unarmed           |       |       |    20 |       |       ||    20
         Long sword        |       |       |    16 |   427 |  1053 ||  1496
         Punch             |       |       |       |     4 |    19 ||    23
   Fire: Shortbow          |       |       |   197 |    13 |    76 ||   286
   Cast: Necrotise         |    58 |    35 |    22 |    30 |    47 ||   192
         Vampiric Draining |     1 |     6 |    22 |    29 |    61 ||   119
         Summon Small Mamm |       |     2 |       |       |     6 ||     8
         Animate Dead      |       |       |     9 |    10 |    29 ||    48
         Borgnjor's Vile C |       |       |       |    11 |    15 ||    26
         Sandblast         |       |       |       |     6 |     5 ||    11
         Cigotuvi's Dreadf |       |       |       |     4 |       ||     4
         Death Channel     |       |       |       |     1 |     5 ||     6
         Apportation       |       |       |       |       |     3 ||     3
         Dispel Undead     |       |       |       |       |    11 ||    11
         Mephitic Cloud    |       |       |       |       |     8 ||     8
         Teleport Other    |       |       |       |       |     2 ||     2
 Invoke: Unearth Wretches  |       |       |       |       |     3 ||     3
  Evoke: Wand              |       |       |       |       |     4 ||     4
    Use: Scroll            |       |     3 |     4 |     4 |    19 ||    30
         Potion            |       |     1 |     5 |       |     3 ||     9
   Stab: Distracted        |     1 |     1 |       |     2 |     9 ||    13
         Sleeping          |       |     1 |     1 |     7 |    11 ||    20
         Paralysed         |       |       |       |       |     5 ||     5
         Confused          |       |       |       |       |     2 ||     2
 Armour: Robe              |     2 |    25 |    29 |    95 |    63 ||   214
         Skin              |       |       |     4 |       |       ||     4
         Troll leather arm |       |       |       |       |   246 ||   246
  Dodge: Dodged            |     9 |    55 |    86 |   214 |   583 ||   947
  Block: Other             |       |     7 |    37 |    48 |   217 ||   309
         Reflection        |       |       |     1 |     8 |    10 ||    19

Table legend: (Time is in decaauts)
 A = Elapsed time spent in this place.
 B = Non-inter-level travel time spent in this place.
 C = Inter-level travel time spent in this place.
 D = Time resting spent in this place.
 E = Time spent auto-exploring this place.
 F = Levels seen in this place.
 G = Mean time per level.
                   A        B        C        D        E       F      G
               +--------+--------+--------+--------+--------+-----+--------+
         Total |  29090 |  26639 |   2451 |   6410 |  13372 |  27 | 1077.4 |
       Dungeon |  17544 |  16015 |   1529 |   4124 |   7724 |  15 | 1169.6 |
        Temple |     21 |     21 |      0 |      0 |      0 |   1 |   21.0 |
          Lair |   8336 |   7578 |    758 |   1273 |   4610 |   5 | 1667.2 |
   Spider Nest |    724 |    724 |      0 |    180 |    320 |   2 |  362.0 |
  Orcish Mines |   2451 |   2287 |    164 |    833 |    718 |   2 | 1225.5 |
   Elven Halls |     11 |     11 |      0 |      0 |      0 |   1 |   11.0 |
        Depths |      1 |      1 |      0 |      0 |      0 |   1 |    1.0 |
               +--------+--------+--------+--------+--------+-----+--------+

Top non-repeatable levels by time:
     D:9: 1986 daAuts
  Lair:2: 1932 daAuts
  Lair:4: 1787 daAuts
  Lair:1: 1681 daAuts
     D:7: 1623 daAuts
  Lair:5: 1552 daAuts
    D:11: 1526 daAuts
     D:8: 1414 daAuts
  Lair:3: 1382 daAuts
     D:4: 1331 daAuts
   Orc:2: 1314 daAuts
   Orc:1: 1136 daAuts
    D:15: 1134 daAuts
    D:14: 1126 daAuts
     D:3: 1117 daAuts
